 Dungeon Crawl Stone Soup version 0.28-a0-794-gafe8c5f9e9 (webtiles) character file.

Game seed: 16889654448171180858

161 kae the Caller (level 5, -1/30 HPs)
             Began as a Tengu Summoner on Nov 5, 2021.
             Was an Initiate of Ashenzari.
             Succumbed to a killer bee's poison
             ... on level 4 of the Dungeon.
             The game lasted 00:03:03 (4834 turns).

kae the Caller (Tengu Summoner)                     Turns: 4834, Time: 00:03:04

Health: -1/30      AC:  3    Str:  9    XL:     5   Next: 42%
Magic:  1/10       EV: 15    Int: 16    God:    Ashenzari [......]
Gold:   110        SH:  0    Dex: 14    Spells: 3/9 levels left

rFire   . . .      SeeInvis .   g - +0 spear
rCold   . . .      Faith    .   (no shield)
rNeg    . . .      Spirit   .   a - +0 robe
rPois   .          Reflect  .   (helmet restricted)
rElec   .          Harm     .   e - +0 cloak
rCorr   .          Rampage  .   (no gloves)
Will    .....                   (boots unavailable)
Stlth   ++........              (no amulet)
HPRegen 0.10/turn               (no ring)
MPRegen 0.12/turn               (no ring)

@: lethally poisoned (-1 -> -12), attractive, flying quickly and evasively,
quick
A: beak, talons 3, nimble flight
a: Renounce Religion, Curse Item


You were on level 4 of the Dungeon.
You worshipped Ashenzari.
Ashenzari was noncommittal.
You visited 1 branch of the dungeon, and saw 4 of its levels.

You collected 110 gold pieces.

Inventory:

Hand Weapons
 b - a +0 dagger
 g - a +0 spear (weapon)
Armour
 a - a +0 robe (worn)
 e - a +0 cloak (worn)
 h - the +5 ring mail of Quantum Leap {Rampage rCorr MP-9 Int+6}
   (You found it on level 4 of the Dungeon)

   Int:       It affects your intelligence (+6).
   MP:        It affects your magic capacity (-9).
   rCorr:     It protects you from acid and corrosion.
   Rampage:   It bestows one free step when moving towards enemies.
Scrolls
 k - a scroll of identify
Potions
 c - a potion of lignification
 d - a potion of mutation
 f - a potion of curing
 i - a potion of heal wounds


   Skills:
 + Level 2.0 Fighting
 + Level 3.3 Dodging
 - Level 2.0 Stealth
 + Level 2.7 Spellcasting
 * Level 6.1 Summonings


You had 3 spell levels left.
You knew the following spells:

 Your Spells              Type           Power      Damage    Failure   Level
a - Summon Small Mammal   Summ           88%        N/A       1%          1
b - Call Imp              Summ           22%        N/A       2%          2
c - Call Canine Familiar  Summ           22%        N/A       4%          3

Your spell library contained the following spells:

 Spells                   Type           Power      Damage    Failure   Level
 Summon Guardian Golem    Hex/Summ       12%        N/A       16%         3
 Corpse Rot               Necr/Air       4%         N/A       28%         2
 Poisonous Vapours        Pois/Air       4%         N/A       28%         2
 Frozen Ramparts          Ice            4%         1d2       50%         3
 Summon Ice Beast         Ice/Summ       12%        N/A       47%         4
 Summon Lightning Spire   Summ/Air       12%        N/A       47%         4
 Ice Form                 Ice/Tmut       2%         N/A       88%         4


Dungeon Overview and Level Annotations

Branches:
Dungeon (4/15)
 Temple: D:4-7

Altars:
Ashenzari
Zin


Innate Abilities, Weirdness & Mutations

You have a beak for a mouth.
You have claws for feet.
Your magical nature lets you fly swiftly and evasively.


Message History

Your +0 cloak unmelds from your body.
Your +0 robe unmelds from your body.
The killer bee stings you.
You are poisoned.
The killer bee poisons you! The killer bee stings you.
Your crimson imp blinks!
The killer bee closely misses you.
You closely miss the killer bee.
The killer bee is almost dead.
You feel very sick. The killer bee misses you.
The killer bee closely misses you.
You swap places.
You feel sick.
The killer bee closely misses your hound.
Your hound misses the killer bee.
The killer bee stings your hound but does no damage.
You feel sick.
The killer bee closely misses your hound.
Your hound completely misses the killer bee.
Your crimson imp hits the kobold.
The killer bee is attracted toward you. x3
You feel sick. The killer bee stings your hound! The killer bee misses you.
The killer bee is attracted toward you. x2
You feel sick.
The killer bee barely misses your hound.
Your hound closely misses the killer bee.
The killer bee stings you.
* * * LOW HITPOINT WARNING * * *
Your hound completely misses the killer bee.
Casting: Call Imp (safe; 2% risk of failure)
Confirm with . or Enter, or press ? or * to list all spells.
You feel sick.
Your hound disappears in a puff of smoke!
The killer bee stings you.
* * * LOW HITPOINT WARNING * * *
The killer bee closely misses you.
You feel sick. The killer bee closely misses you. The killer bee stings you.
* * * LOW HITPOINT WARNING * * *
You are more poisoned.
The killer bee poisons you! The kobold is attracted toward you.
The killer bee is attracted toward you.
You swap places.
You die...

########yyy# ##ยง##
#5# ##y# #yK# #y## #y#
##h# #.@# #..# ######
#.## #....#####
##.####........###
##....##.......?..##
#............5.....##
#..###...............#
#..# ####...........##
#..# ####........#


You could see 4 killer bees, a kobold, a friendly hound (summoned) and a
friendly crimson imp (summoned).

Vanquished Creatures
  2 adders (D:2)
  A worm (D:2)
  A dart slug (D:1)
  8 orcs (D:3)
  4 endoplasms
  2 giant cockroaches (D:1)
  3 goblins (D:1)
  3 quokkas (D:3)
  3 ball pythons
  6 bats
  2 kobolds
  2 rats (D:2)
37 creatures vanquished.

Vanquished Creatures (collateral kills)
  An orc priest (D:3)
  Crazy Yiuf (D:2)
  A gnoll (D:2)
  4 orcs (D:3)
  2 ball pythons
  2 bats
  2 endoplasms
  A hobgoblin (D:1)
  A quokka (D:1)
  A frilled lizard (D:3)
  2 goblins
  A kobold (D:2)
  A rat (D:3)
20 creatures vanquished.

Grand Total: 57 creatures vanquished

Notes
Turn   | Place    | Note
-------+----------+-------------------------------------------
     0 | D:1      | kae the Tengu Summoner began the quest for the Orb.
     0 | D:1      | Reached XP level 1. HP: 10/10 MP: 4/4
   341 | D:1      | Reached skill level 5 in Summonings
   345 | D:1      | Reached XP level 2. HP: 13/16 MP: 4/6
   348 | D:1      | Learned a level 2 spell: Call Imp
  1197 | D:2      | Reached XP level 3. HP: 10/20 MP: 7/7
  1697 | D:2      | Reached skill level 1 in Fighting
  2152 | D:2      | Found a broken altar of Ashenzari.
  2163 | D:2      | Became a worshipper of Ashenzari the Shackled
  2563 | D:2      | Found a runed translucent door.
  2564 | D:2      | Noticed Crazy Yiuf
  2805 | D:2      | Reached XP level 4. HP: 15/25 MP: 8/8
  3059 | D:2      | Killed Crazy Yiuf
  3162 | D:3      | Reached skill level 6 in Summonings
  3162 | D:3      | Gained mutation: Your magical nature lets you fly swiftly
                  | and evasively. [Tengu growth]
  3162 | D:3      | Reached XP level 5. HP: 20/30 MP: 5/9
  3407 | D:3      | Learned a level 3 spell: Call Canine Familiar
  3811 | D:3      | Found a broken altar of Ashenzari.
  4043 | D:3      | Found a glowing silver altar of Zin.
  4089 | D:3      | Found a faded altar of an unknown god.
  4678 | D:4      | Identified the +5 ring mail of Quantum Leap {Rampage rCorr
                  | MP-9 Int+6}
  4833 | D:4      | HP: 1/30 [killer bee (2)]
  4834 | D:4      | Succumbed to a killer bee's poison

Illustrated notes

Levels and vault maps discovered:
D:1:      minmay_arrival_hallway, layout_loops_cross,
          chequers_serial_rivers_small_3
D:2:      layout_loops_ring, basic_altar, uniq_crazy_yiuf_cottage
D:3:      layout_basic, mainiacjoe_overflow_concentric_impassable, zin_academy,
          shapermc_ecumenical_altar_mp_highgroup, serial_park_tiny_pond,
          st_stairs_3
D:4:      layout_cave_pods, amethyst_overflow_temple_binary, serial_shops,
          nicolae_shop_crystal, supply_closet_lemuel, uniq_robin, uniq_grinder

Skill      XL: |  1  2  3  4  5 |
---------------+----------------+-----
Summonings     | 5 6 |  6.1
Fighting       | 1 2 |  2.0
Dodging        | 3 |  3.3
Stealth        | |  2.0
Spellcasting   | |  2.7

Action                   |  1- 3 |  4- 6 || total
-------------------------+-------+-------++-------
Melee: Dagger            |    63 |       ||    63
       Unarmed           |     3 |       ||     3
       Kick              |    12 |    17 ||    29
       Peck              |     5 |    13 ||    18
       Spear             |    27 |   109 ||   136
 Cast: Summon Small Mamm |    31 |    11 ||    42
       Call Imp          |       |    12 ||    12
       Call Canine Famil |       |     9 ||     9
  Use: Scroll            |     2 |     3 ||     5
       Potion            |       |     5 ||     5
 Stab: Sleeping          |     3 |       ||     3
Armor: Robe              |    31 |    12 ||    43
       Skin              |       |    39 ||    39
Dodge: Dodged            |    70 |    75 ||   145

Table legend: (Time is in decaauts)
 A = Elapsed time spent in this place.
 B = Non-inter-level travel time spent in this place.
 C = Inter-level travel time spent in this place.
 D = Time resting spent in this place.
 E = Time spent auto-exploring this place.
 F = Levels seen in this place.
 G = Mean time per level.
                   A        B        C        D        E       F      G
               +--------+--------+--------+--------+--------+-----+--------+
         Total |   4769 |   4574 |    195 |     14 |   3843 |   4 | 1192.2 |
       Dungeon |   4769 |   4574 |    195 |     14 |   3843 |   4 | 1192.2 |
               +--------+--------+--------+--------+--------+-----+--------+

Top non-repeatable levels by time:
     D:2: 2061 daAuts
     D:3: 1325 daAuts
     D:1: 1183 daAuts
     D:4: 199 daAuts
